Map: [ESL] Inside and Out

Players

Vindicta

  • Race: Terran Terran
  • Spawn Location: 1:00

DisK - Winner!

  • Race: Protoss Protoss
  • Spawn Location: 7:00

Event: DreamHack SC2 Masters 2022 Atlanta (Online)

VOD

Have the link to the VOD?

Description

Time

  • Played on: Oct. 13, 2022, 6:13 p.m.
  • Length: 7:51

All games in this series

Show
View Real Time Build Order
Export as new Build Order

Vindicta Terran 

Build Orders: Cyclone Opening 

Get SALT Encoding   

  12  0:00  SCV  
  13  0:12  SCV  
  14  0:19  Supply Depot  
  14  0:24  SCV  
  15  0:41  SCV  
  16  0:43  Barracks  
  16  0:45  Refinery  
  16  0:53  SCV  
  16  0:55  Refinery  
  17  1:05  SCV  
  18  1:17  SCV  
  19  1:31  Reaper  
  19  1:32  Orbital Command  
  20  1:35  Supply Depot  
  20  1:45  Factory  
  20  1:57  SCV  
  21  2:04  Barracks Reactor  
  21  2:10  SCV  
  22  2:22  SCV  
  23  2:26  Command Center  
  23  2:33  Factory Tech Lab  
  23  2:34  SCV  
  24  2:40  Marine x2  
  26  2:47  Starport  
  26  2:49  SCV  
  26  2:55  Cyclone  
  29  3:01  Supply Depot  
  29  3:06  Marine x2  
  31  3:23  SCV, Marine  
  31  3:24  Marine  
  34  3:35  SCV  
  34  3:39  Banshee, Cloaking Field  
  38  3:45  Factory Tech Lab  
  38  3:47  SCV, Marine x2  
  41  3:59  SCV  
  41  4:01  Orbital Command  
  42  4:05  Siege Tank  
  42  4:08  Marine x2  
  47  4:11  SCV  
  48  4:22  Banshee  
  48  4:23  Supply Depot, SCV  
  52  4:27  Marine x2  
  54  4:33  Supply Depot  
  54  4:38  SCV  
  53  4:42  SCV  
  53  4:45  Siege Tank  
  53  4:49  Marine  
  53  4:50  SCV  
  53  4:52  Marine  
  59  4:55  SCV  
  58  5:02  SCV  
  58  5:05  Banshee  
  61  5:07  SCV, Marine  
  61  5:10  Supply Depot  
  64  5:14  SCV  
  64  5:21  Marine  
  66  5:25  Command Center  
  65  5:29  SCV x2  
  65  5:32  Siege Tank  
  70  5:38  Marine  
  70  5:39  Marine  
  70  5:41  SCV  
  70  5:42  SCV  
  71  5:54  SCV  
  71  5:56  Marine  
  73  5:58  SCV, Barracks x2  
  74  6:06  Siege Tank  
  74  6:08  SCV  
  78  6:18  Bunker  
  78  6:19  Engineering Bay, Refinery, Bunker  
  78  6:20  Refinery  
  78  6:22  SCV  
  78  6:24  SCV  
  67  6:34  SCV  
  67  6:36  SCV  
  67  6:39  Siege Tank, Orbital Command  
  72  6:44  Marine  
  72  6:46  SCV  
  68  6:48  SCV  
  68  6:53  Barracks Tech Lab, Starport Reactor  
  62  6:55  Marine  
  62  6:57  Engineering Bay  
  62  6:58  SCV  
  62  7:00  SCV  
  57  7:03  Marine  
  57  7:06  SCV  
  59  7:10  SCV  
  59  7:12  SCV, Marine  
  59  7:13  Marauder, Marine  
  65  7:18  SCV  
  65  7:21  Marine  
  67  7:28  Supply Depot  
  68  7:30  Marine  
  68  7:31  Marine  
  70  7:40  Barracks x2  
Show
View Real Time Build Order
Export as new Build Order

DisK Protoss - Winner!

Build Orders: 1 Gate Expand, Blink Stalkers 

Get SALT Encoding   

  12  0:00  Probe  
  13  0:12  Probe  
  14  0:18  Pylon  
  14  0:24  Probe  
  15  0:36  Gateway  
  15  0:37  Probe (Chrono Boost)  
  16  0:46  Probe (Chrono Boost)  
  16  0:47  Assimilator  
  17  0:51  Probe (Chrono Boost)  
  18  1:03  Probe  
  19  1:15  Probe  
  20  1:23  Cybernetics Core  
  20  1:33  Nexus  
  20  1:37  Probe  
  21  1:43  Assimilator  
  21  1:50  Probe  
  21  1:53  Pylon  
  22  2:02  Probe  
  22  2:05  Warp Gate  
  22  2:08  Adept (Chrono Boost)  
  23  2:14  Probe  
  23  2:15  Shield Battery  
  25  2:26  Probe  
  26  2:30  Stalker  
  28  2:38  Probe (Chrono Boost)  
  28  2:41  Twilight Council  
  29  2:46  Probe (Chrono Boost)  
  31  2:56  Probe (Chrono Boost)  
  31  2:57  Probe (Chrono Boost)  
  32  3:02  Probe (Chrono Boost)  
  32  3:03  Probe (Chrono Boost)  
  34  3:09  Blink (Chrono Boost)  
  34  3:12  Gateway, Probe  
  35  3:14  Probe  
  36  3:22  Stalker  
  36  3:24  Probe  
  39  3:32  Probe  
  39  3:33  Robotics Facility  
  40  3:37  Probe  
  39  3:44  Probe  
  39  3:46  Shield Battery  
  39  3:47  Pylon  
  40  3:49  Probe  
  41  3:56  Probe  
  41  4:01  Stalker  
  41  4:02  Probe  
  45  4:07  Stalker  
  45  4:08  Pylon  
  47  4:10  Probe  
  47  4:14  Probe  
  49  4:32  Probe  
  49  4:36  Stalker x2  
  49  4:38  Nexus, Observer  
  53  4:42  Probe, Pylon  
  53  4:44  Probe  
  55  4:51  Assimilator  
  55  4:53  Gateway x2, Assimilator  
  55  5:02  Stalker x2  
  55  5:04  Probe  
  55  5:05  Probe  
  61  5:09  Pylon  
  61  5:19  Templar Archives  
  62  5:21  Probe  
  62  5:25  Probe, Pylon  
  64  5:29  Charge  
  64  5:32  Observer  
  64  5:33  Probe  
  64  5:34  Gateway x2  
  65  5:38  Stalker  
  66  5:45  Shield Battery  
  66  5:53  Shield Battery  
  60  6:04  Observer (Chrono Boost)  
  60  6:06  Stalker x4  
  65  6:28  Stalker  
  61  6:35  Stalker x4  
  61  6:37  Probe x2  
  69  6:50  Observer  
  67  6:58  Probe x3  
  67  7:00  Zealot x5  
  78  7:10  Probe x3 (Chrono Boost)  
  81  7:18  Forge  
  81  7:19  Forge  
  81  7:21  Probe x3 (Chrono Boost)  
  84  7:26  Probe x3 (Chrono Boost)  
  84  7:27  Shield Battery  
  87  7:36  Probe x2  
Tags
 
Add a new tag
Caveats
  • Supply blocks, unpowered buildings, or Contaminate may cause inaccurate times.
  • Supply counts are checked every 10 seconds.